 Dungeon Crawl Stone Soup version 0.30-a0-140-gd1020e658a (webtiles) character file.

Game seed: 16214908512484653224

452 qw the Chopper (level 7, -4/43 HPs)
             Began as a Gargoyle Fighter on Sept 24, 2022.
             Slain by an ogre
             ... wielding a +0 giant club
              (13 damage)
             ... on level 5 of the Dungeon.
             The game lasted 00:01:34 (4887 turns).

qw the Chopper (Gargoyle Fighter)                   Turns: 4887, Time: 00:01:35

Health: -4/43      AC: 15    Str: 19      XL:     7   Next: 5%
Magic:  7/7        EV:  7    Int:  8 (9)  God:
Gold:   88         SH:  4    Dex:  9      Spells: 6/6 levels left

rFire   . . .      SeeInvis .    Y - +1 war axe
rCold   . . .      Faith    .    c - +0 buckler
rNeg    + + .      Spirit   .    k - +0 chain mail of Kosh {Stlth+}
rPois   inf        Reflect  .    (no helmet)
rElec   +          Harm     .    (no cloak)
rCorr   .          Rampage  .    p - +0 pair of gloves
Will    .....                    (no boots)
Stlth   ..........               (no amulet)
HPRegen 0.14/turn                n - ring of positive energy
MPRegen 0.10/turn                (no ring)

@: about to teleport
A: sickness immunity, AC +4, negative energy resistance 1, electricity
resistance, torment resistance 1, petrification resistance, weak 1
a: no special abilities


You were on level 5 of the Dungeon.
You visited 1 branch of the dungeon, and saw 5 of its levels.

You collected 230 gold pieces.
You spent 142 gold pieces at shops.


Innate Abilities, Weirdness & Mutations

You are immune to sickness and miasma.
Your stone body is resilient. (AC +4)
You are immune to poison.
You resist negative energy. (rN+)
You are resistant to electric shocks. (rElec)
You are resistant to unholy torment.
You are immune to petrification.
You are weak. (Str -2)


   Skills:
 - Level 4.2 Fighting
 + Level 6.3 Axes
 - Level 3.2 Armour
 - Level 3.2 Shields


You had 6 spell levels left.
You didn't know any spells.
Your spell library was empty.

Inventory:

Hand Weapons
 r - a +0 flail
 Y - a +1 war axe (weapon)
Missiles
 m - 3 boomerangs (quivered)
Armour
 c - a +0 buckler (worn)
 i - a +3 ring mail of cold resistance
 k - the +0 chain mail of Kosh (worn) {Stlth+}
   (You found it on level 3 of the Dungeon)

   Stlth:     It makes you more stealthy.
 p - a +0 pair of gloves (worn)
Jewellery
 n - a ring of positive energy (left hand)
Scrolls
 o - a scroll of identify
Potions
 b - a potion of attraction
 d - 2 potions of might
 f - 2 potions of resistance
 h - a potion of lignification {unknown}
 j - a potion of cancellation {unknown}
 l - 2 potions of mutation
 q - a potion of brilliance {unknown}

Dungeon Overview and Level Annotations

Branches:
Dungeon (5/15)
 Temple: D:4-7

Altars:
Cheibriados
Nemelex Xobeh
Qazlal
Sif Muna
Zin
The Shining One

Shops:
D:1 ?   D:3 [(   D:4 *


Message History

The phantom is almost destroyed.
The phantom completely misses you.
You hit the phantom.
The phantom is almost destroyed.
The phantom closely misses you. The phantom hits you.
The phantom blinks!
You blink.
You closely miss the phantom.
The phantom is almost destroyed.
The phantom hits you but does no damage.
You hit the phantom.
You destroy the phantom!
You feel your intelligence returning.
You have reached level 7!
You start resting.
HP restored.
Found a stone staircase leading down.
An ogre comes into view. It is wielding a +0 giant club.
Found a hand axe.
The ogre shouts!
Throw: 3 boomerangs
Press: ? - help, Q - select action Shift-Dir - straight line, f - ogre You throw a boomerang.
The boomerang hits the ogre.
The ogre is lightly wounded.
Throw: 3 boomerangs
Press: ? - help, Q - select action Shift-Dir - straight line, f/p - ogre You throw a boomerang.
The boomerang hits the ogre.
The ogre is moderately wounded.
You completely miss the ogre.
The ogre is moderately wounded.
The ogre hits you with a +0 giant club!!
You hit the ogre.
The ogre is moderately wounded.
The ogre hits you with a +0 giant club!
4886 ||| READING scroll of teleportation.
As you read the scroll of teleportation, it crumbles to dust.
You feel strangely unstable.
You barely miss the ogre.
The ogre is moderately wounded.
The ogre hits you with a +0 giant club!
You die...

######### ........#
#######.# # #.# #
#.###### # #......#
# #..##..####### #
#..##.....>..#
#######.........@..#
........####.####O.#
##..##..# #.# ..#
#..##..# #.# ..#
#..##..# #.. ...
#..# ### ..## ....
... ....## .)# ....#


You could see an ogre.

Vanquished Creatures
  A water moccasin (D:5)
  A phantom (D:5)
  A necrophage (D:4)
  2 hounds
  An orc wizard (D:4)
  2 adders
  3 worms
  A dart slug (D:1)
  10 orcs (D:4)
  9 ball pythons
  A bat (D:1)
  12 endoplasms
  5 giant cockroaches
  9 goblins
  3 hobgoblins
  8 jackals
  5 quokkas
  2 frilled lizards
  7 kobolds
  7 rats
90 creatures vanquished.

Notes
Turn   | Place    | Note
-------+----------+-------------------------------------------
     0 | D:1      | qw the Gargoyle Fighter began the quest for the Orb.
     0 | D:1      | Reached XP level 1. HP: 14/14 MP: 1/1
     0 | D:1      | 0 ||| qw: Version: 0.1.0-9-gbc19398
     0 | D:1      | 0 ||| qw: Game counter: 27
     0 | D:1      | 0 ||| qw: Always use a shield: true
     0 | D:1      | 0 ||| qw: God list: Okawaru
     0 | D:1      | 0 ||| qw: Allow faded altars: false
     0 | D:1      | 0 ||| qw: Do Orc after D:15 true
     0 | D:1      | 0 ||| qw: Do second Lair branch before Depths: true
     0 | D:1      | 0 ||| qw: Lair rune preference: random
     0 | D:1      | 0 ||| qw: Plans: Normal, Zot:1-4, God:TSO, Crypt, Tomb,
                  | Pan, Slime:5, Hells, Abyss, Orb
     0 | D:1      | 0 ||| PLANNING D:1-11
    29 | D:1      | 29 ||| Stepping ~*~*~tactically~*~*~ (stealth).
    39 | D:1      | Reached skill level 2 in Axes
   140 | D:1      | 140 ||| Stepping ~*~*~tactically~*~*~ (hiding).
   150 | D:1      | Reached XP level 2. HP: 19/19 MP: 2/2
   150 | D:1      | Found a faded altar of an unknown god.
   486 | D:1      | Reached skill level 3 in Axes
   635 | D:1      | Found Camiliow's Magic Scroll Shoppe.
   644 | D:1      | 644 ||| SHOPLISTING scroll of acquirement (520 gold, have
                  | 18).
   644 | D:1      | 644 ||| SHOPLISTING scroll of identify (20 gold, have 18).
   644 | D:1      | 644 ||| SHOPLISTING scroll of teleportation (30 gold, have
                  | 18).
   761 | D:1      | Reached XP level 3. HP: 23/23 MP: 3/3
  1034 | D:1      | 1034 ||| UPGRADING to ring of positive energy.
  1035 | D:1      | 1035 ||| READING scroll labelled CACRAM YNEMMOA.
  1040 | D:1      | 1040 ||| READING scroll labelled DEUTAOJ LOANY.
  1041 | D:1      | 1041 ||| READING 2 scrolls labelled DIV FOMUCKEFRE.
  1042 | D:1      | 1042 ||| READING scroll labelled DEQINEL OSCHISY.
  1043 | D:1      | 1043 ||| READING 2 scrolls labelled MOLAWO CIT YSI.
  1044 | D:1      | 1044 ||| READING scroll labelled GUR QAL RYNUOH.
  1045 | D:1      | 1045 ||| DROPPING scroll of butterflies.
  1046 | D:1      | 1046 ||| DROPPING scroll of amnesia.
  1076 | D:2      | 1076 ||| Stepping ~*~*~tactically~*~*~ (stealth).
  1271 | D:2      | 1271 ||| Stepping ~*~*~tactically~*~*~ (hiding).
  1274 | D:2      | 1274 ||| Stepping ~*~*~tactically~*~*~ (hiding).
  1451 | D:2      | 1451 ||| Stepping ~*~*~tactically~*~*~ (stealth).
  1507 | D:2      | Reached XP level 4. HP: 24/28 MP: 4/4
  1579 | D:2      | 1579 ||| Stepping ~*~*~tactically~*~*~ (stealth).
  1941 | D:2      | Reached skill level 4 in Axes
  2214 | D:2      | 2214 ||| READING scroll labelled PUKOUK TULU.
  2215 | D:2      | 2215 ||| READING scroll labelled QUTUUT MIEG.
  2216 | D:2      | 2216 ||| DRINKING 2 blue potions.
  2216 | D:2      | Gained mutation: You are weak. (Str -2) [potion of
                  | mutation]
  2263 | D:3      | 2263 ||| FLEEEEING.
  2264 | D:3      | 2264 ||| FLEEEEING.
  2265 | D:3      | 2265 ||| FLEEEEING.
  2266 | D:3      | 2266 ||| FLEEEEING.
  2267 | D:3      | 2267 ||| FLEEEEING.
  2268 | D:3      | 2268 ||| STAIRDANCE
  2411 | D:3      | Found Zifugala's Antique Weapon Shoppe.
  2418 | D:3      | 2418 ||| SHOPLISTING glowing morningstar (161 gold, have
                  | 124).
  2474 | D:3      | Found a shimmering blue altar of Sif Muna.
  2474 | D:3      | Found a glowing silver altar of Zin.
  2495 | D:3      | Identified the +0 chain mail of Kosh {Stlth+}
  2630 | D:3      | Found Huchao's Armour Shop.
  2641 | D:3      | 2641 ||| Stepping ~*~*~tactically~*~*~ (stealth).
  2687 | D:3      | 2687 ||| BUYING +0 pair of gloves (58 gold).
  2687 | D:3      | Bought a +0 pair of gloves for 58 gold pieces
  3080 | D:3      | 3080 ||| UPGRADING to +3 ring mail of cold resistance.
  3090 | D:3      | 3090 ||| DROPPING +0 scale mail.
  3091 | D:3      | 3091 ||| UPGRADING to +0 chain mail of Kosh {Stlth+}.
  3101 | D:3      | 3101 ||| UPGRADING to +0 pair of gloves.
  3106 | D:3      | 3106 ||| READING scroll labelled ZERIODEMELL.
  3207 | D:3      | 3207 ||| DRINKING 2 lumpy brown potions.
  3208 | D:3      | 3208 ||| READING 3 scrolls of identify.
  3208 | D:3      | 3208 ||| IDENTIFYING fuming pink potion
  3209 | D:3      | 3209 ||| READING 2 scrolls of identify.
  3209 | D:3      | 3209 ||| IDENTIFYING metallic blue potion
  3210 | D:3      | 3210 ||| DROPPING potion of magic.
  3211 | D:3      | 3211 ||| DROPPING potion of degeneration.
  3245 | D:4      | Found Xits's Assorted Antiques.
  3297 | D:4      | 3297 ||| BUYING 2 bubbling red potions (54 gold).
  3297 | D:4      | Bought 2 bubbling red potions for 54 gold pieces
  3297 | D:4      | 3297 ||| SHOPLISTING flail (105 gold, have 48).
  3297 | D:4      | 3297 ||| BUYING scroll labelled ULESOH LAIRYM (30 gold).
  3297 | D:4      | Bought a scroll labelled ULESOH LAIRYM for 30 gold pieces
  3297 | D:4      | 3297 ||| SHOPLISTING scroll labelled ULESOH LAIRYM (30
                  | gold, have 18).
  3298 | D:4      | Noticed a necrophage
  3299 | D:4      | 3299 ||| Stepping ~*~*~tactically~*~*~ (stealth).
  3307 | D:4      | Killed a necrophage
  3308 | D:4      | Reached XP level 5. HP: 27/32 MP: 5/5
  3386 | D:4      | Reached skill level 5 in Axes
  3578 | D:4      | 3578 ||| FLEEEEING.
  3655 | D:4      | Found a sparkling altar of Nemelex Xobeh.
  3656 | D:4      | 3656 ||| DROPPING +0 club.
  3713 | D:4      | 3713 ||| Stepping ~*~*~tactically~*~*~ (stealth).
  3827 | D:4      | 3827 ||| Stepping ~*~*~tactically~*~*~ (stealth).
  3831 | D:4      | Found a glowing golden altar of the Shining One.
  3897 | D:4      | Found a stormy altar of Qazlal.
  4004 | D:4      | 4004 ||| Stepping ~*~*~tactically~*~*~ (stealth).
  4115 | D:4      | 4115 ||| Stepping ~*~*~tactically~*~*~ (stealth).
  4116 | D:4      | 4116 ||| DROPPING +0 mace.
  4119 | D:4      | 4119 ||| Stepping ~*~*~tactically~*~*~ (hiding).
  4130 | D:4      | Reached XP level 6. HP: 38/38 MP: 6/6
  4237 | D:4      | Found a snail-covered altar of Cheibriados.
  4261 | D:4      | 4261 ||| READING scroll labelled ULESOH LAIRYM.
  4262 | D:4      | 4262 ||| DRINKING 2 bubbling red potions.
  4263 | D:4      | 4263 ||| READING 2 scrolls of identify.
  4263 | D:4      | 4263 ||| IDENTIFYING coppery potion
  4264 | D:4      | 4264 ||| DROPPING potion of flight.
  4265 | D:4      | 4265 ||| READING 2 scrolls of teleportation.
  4633 | D:5      | Entered Level 5 of the Dungeon
  4638 | D:5      | Noticed a water moccasin
  4647 | D:5      | Killed a water moccasin
  4690 | D:5      | Reached skill level 6 in Axes
  4712 | D:5      | Reached XP level 7. HP: 21/43 MP: 7/7
  4885 | D:5      | HP: 8/43 [ogre/+0 giant club (16)]
  4886 | D:5      | 4886 ||| READING scroll of teleportation.
  4887 | D:5      | Slain by an ogre

Levels and vault maps discovered:
D:1:      lightli_arrival_flooded_house, layout_basic, serial_shops,
          nicolae_diamond_shop, hellmonk_ecumenical_altar_lost_god
D:2:      layout_rooms, chequers_garden, roderic_lattice_a, skrybe_limestone_x
D:3:      layout_loops_ring, mainiacjoe_overflow_large_starburst, serial_shops,
          shop, nicolae_shop_waterfront
D:4:      layout_loops_cross, cheibrodos_worm_habitat,
          mainiacjoe_overflow_six_doors_small, mainiacjoe_overflow_two_lobes,
          serial_shops, nicolae_stop_n_shop_2, st_stairs_12
D:5:      layout_loops_ring, lightli_temple_of_fire

Skill      XL: |  1  2  3  4  5  6 |
---------------+-------------------+-----
Axes           | 2 3 4 5 6 |  6.3
Fighting       | 4 |  4.2
Armour         | |  3.2
Shields        | |  3.2

Action                   |  1- 3 |  4- 6 |  7- 9 || total
-------------------------+-------+-------+-------++-------
Melee: War axe           |    82 |   186 |     3 ||   271
Throw: Boomerang         |       |     4 |     2 ||     6
  Use: Scroll            |     6 |     8 |     1 ||    15
       Potion            |       |     3 |       ||     3
Armor: Scale mail        |    50 |    11 |       ||    61
       Chain mail        |       |    78 |       ||    78
Dodge: Dodged            |    42 |    45 |       ||    87
Block: Buckler           |    16 |    21 |       ||    37

Table legend:
 A = Non-vault XP
 B = Vault XP
 C = Vault XP percentage of total XP
 D = Non-vault monster count
 E = Vault monster count
 F = Vault count percentage of total count
                 A         B        C        D         E       F
            +---------+---------+-------+---------+---------+-------
      Total |     635 |      12 |   1.9 |      87 |       3 |   3.3
            +---------+---------+-------+---------+---------+-------
        D:1 |      40 |       0 |   0.0 |      22 |       0 |   0.0
        D:2 |      61 |       0 |   0.0 |      27 |       0 |   0.0
        D:3 |      28 |       0 |   0.0 |      10 |       0 |   0.0
        D:4 |     213 |      12 |   5.3 |      25 |       3 |  10.7
        D:5 |     293 |       0 |   0.0 |       3 |       0 |   0.0
            +---------+---------+-------+---------+---------+-------
